 Dungeon Crawl Stone Soup version 0.26.1-2-gb8aa6d0cf2 (webtiles) character file.

Game seed: 1789028008540670454

68 Descartes the Magician (level 4, -2/24 HPs)
             Began as a Deep Elf Wanderer on Feb 8, 2021.
             Slain by a phantom (7 damage)
             ... on level 2 of the Dungeon.
             The game lasted 00:06:00 (2385 turns).

Descartes the Magician (Deep Elf Wanderer)          Turns: 2385, Time: 00:06:01

Health: -2/24      AC:  3    Str:  5    XL:     4   Next: 1%
Magic:  8/13       EV: 11    Int: 17    God:
Gold:   83         SH:  0    Dex: 19    Spells: 8/13 levels left

rFire    . . .     SeeInvis .   k - +4 dagger (venom)
rCold    . . .     Faith    .   (no shield)
rNeg     . . .     Spirit   .   d - +0 robe
rPois    .         Reflect  .   h - +0 helmet
rElec    .         Harm     .   (no cloak)
rCorr    .         Rampage  .   (no gloves)
Will     .....                  (no boots)
Stlth    ++........             (no amulet)
HPRegen  0.08/turn              (no ring)
MPRegen  0.13/turn              (no ring)

@: no status effects
A: no striking features
a: no special abilities


You were on level 2 of the Dungeon.
You visited 1 branch of the dungeon, and saw 2 of its levels.

You collected 83 gold pieces.

Inventory:

Hand Weapons
 k - a +4 dagger of venom (weapon)
 m - a +4 dagger of draining
Missiles
 b - 36 stones (quivered)
 e - 23 arrows
 f - 2 boomerangs
 g - 37 sling bullets
Armour
 d - a +0 robe (worn)
 h - a +0 helmet (worn)
Scrolls
 i - 2 scrolls of fog {unknown}
 j - 2 scrolls of identify {unknown}
 l - a scroll of enchant armour {unknown}
Potions
 a - a potion of magic {unknown}
 c - 2 potions of cancellation {unknown}


   Skills:
 + Level 0.1 Short Blades
 - Level 1.5 Shields
 + Level 5.0 Spellcasting
 + Level 1.5 Conjurations
 - Level 2.1 Summonings
 - Level 2.1 Transmutations
 + Level 1.3 Air Magic
 + Level 2.0 Earth Magic
 + Level 1.4 Poison Magic


You had 8 spell levels left.
You knew the following spells:

 Your Spells              Type           Power        Failure   Level
a - Sandblast             Erth           22%          6%          1
b - Shock                 Conj/Air       36%          8%          1
c - Sting                 Tmut/Pois      40%          7%          1
d - Passwall              Tmut/Erth      9%           9%          2

Your spell library contained the following spells:

 Spells                   Type           Power        Failure   Level
 Spider Form              Tmut/Pois      5%           21%         3
 Stone Arrow              Conj/Erth      20%          21%         3
 Static Discharge         Conj/Air       9%           24%         3
 Petrify                  Tmut/Erth      11%          52%         4
 Lee's Rapid Deconstruct  Erth           5%           86%         5


Dungeon Overview and Level Annotations

Branches:
Dungeon (2/15)

Altars:


Message History

You hit the phantom but do no damage.
The phantom is lightly damaged.
The phantom blinks!
Casting: Sting (safe; 7% risk of failure)
Confirm with . or Enter, or press ? or * to list all spells.
Aiming: Sandblast (safe; 6% risk of failure)
Press: ? - help, Shift-Dir - straight line, f/p - phantom
Aim: a phantom (lightly damaged, 29% to evade)
The blast of sand misses the phantom.
b - 37 stones
Casting: Sandblast (safe; 6% risk of failure)
Confirm with . or Enter, or press ? or * to list all spells.
Aiming: Sandblast (safe; 6% risk of failure)
Press: ? - help, Shift-Dir - straight line, f/p - phantom
Aim: a phantom (lightly damaged, 29% to evade)
The blast of sand hits the phantom.
The phantom is moderately damaged.
b - 36 stones The phantom hits you!
You die...

#.....###.#.♣≈≈≈♣ # #.....#
#...♣P≈≈♣ .# #.
##.....#######≈≈≈#####..#...
...............≈###.........
###.###########.#...##......
#.# #.....g....... #.#
#.#.........# #.#
#§######...... #.#
#.@W......#.## #.#
#.######.#.. #.. ##. ## ###
#. .# #


You could see a phantom.

Vanquished Creatures
  2 worms (D:2)
  4 dart slugs
  2 leopard geckos (D:1)
  2 ball pythons
  3 giant cockroaches
  7 goblins
  9 hobgoblins
  A quokka (D:2)
  4 bats
  2 frilled lizards
  8 kobolds
  4 rats
48 creatures vanquished.

Vanquished Creatures (others)
  2 plants (D:2)
2 creatures vanquished.

Grand Total: 50 creatures vanquished

Notes
Turn   | Place    | Note
-------+----------+-------------------------------------------
     0 | D:1      | Descartes the Deep Elf Wanderer began the quest for the
                  | Orb.
     0 | D:1      | Descartes set off with the following items: a +0 dagger, a
                  | +0 robe; and the following spells available to memorise:
                  | Sandblast, Sting, Passwall, Shock, Spider Form, Stone
                  | Arrow, Static Discharge, Petrify, Lee's Rapid
                  | Deconstruction
     0 | D:1      | Reached XP level 1. HP: 10/10 MP: 7/7
     2 | D:1      | Learned a level 1 spell: Sandblast
     4 | D:1      | Learned a level 1 spell: Shock
     6 | D:1      | Learned a level 1 spell: Sting
   341 | D:1      | Reached XP level 2. HP: 10/15 MP: 0/9
   428 | D:1      | Learned a level 2 spell: Passwall
   770 | D:1      | Reached skill level 1 in Conjurations
   770 | D:1      | Reached skill level 1 in Poison Magic
  1042 | D:1      | Reached skill level 1 in Air Magic
  1091 | D:1      | Reached XP level 3. HP: 19/19 MP: 4/11
  2344 | D:2      | Noticed a phantom
  2360 | D:2      | Reached skill level 5 in Spellcasting
  2360 | D:2      | Reached XP level 4. HP: 24/24 MP: 11/13
  2385 | D:2      | Slain by a phantom

Illustrated notes

Levels and vault maps discovered:
D:1:      saegor_arrival_simple_d, layout_basic
D:2:      layout_basic, led_sif_pool, serial_bayou_ford_a

Skill      XL: |  1  2  3 |
---------------+----------+-----
Conjurations   | 1 |  1.5
Poison Magic   | 1 |  1.4
Air Magic      | 1 |  1.3
Earth Magic    | 2 |  2.0
Spellcasting   | 5 |  5.0
Short Blades   | |  0.1
Shields        | |  1.5
Summonings     | |  2.1
Transmutations | |  2.1

Action                   |  1- 3 |  4- 6 || total
-------------------------+-------+-------++-------
Melee: Dagger            |    12 |     6 ||    18
 Cast: Shock             |   116 |     1 ||   117
       Sandblast         |    12 |     4 ||    16
       Sting             |     4 |     1 ||     5
Armor: Robe              |     6 |     1 ||     7
Dodge: Dodged            |    11 |     3 ||    14
